 Dungeon Crawl Stone Soup version 0.25.1-2-g60ff931df9 (webtiles) character file.

Game seed: 17770859007087868565

7566 miket3c the Severer (level 10, -1/88 HPs)
             Began as a Minotaur Berserker on Oct 3, 2020.
             Was an Elder of Trog.
             Slain by a death yak (12 damage)
             ... on level 10 of the Dungeon.
             The game lasted 00:26:36 (9384 turns).

miket3c the Severer (Minotaur Berserker)            Turns: 9384, Time: 00:26:39

Health: -1/88      AC: 18    Str: 23 (24) XL:     10   Next: 97%
Magic:  18/18      EV:  8    Int:  3 (4)  God:    Trog [****..]
Gold:   562        SH:  0    Dex:  9 (11) Spells: 9/9 levels left

rFire    + . .     SeeInvis .   B - +0 battleaxe
rCold    + . .     Gourm    .   (shield currently unavailable)
rNeg     . . .     Faith    .   M - +3 plate armour
rPois    .         Spirit   .   m - +2 hat
rElec    .         Reflect  .   d - scarf {rC+ rF+}
rCorr    .         Harm     .   (no gloves)
MR       ++...                  (no boots)
Stlth    ..........             (no amulet)
HPRegen  1.24/turn              E - ring of magical power
MPRegen  0.16/turn              (no ring)

@: brilliant, lethally poisoned (-1 -> -1), about to teleport, stab, flying,
regenerating
A: retaliatory headbutt, horns 2
a: Berserk, Trog's Hand, Brothers in Arms, Renounce Religion


You were on level 10 of the Dungeon.
You worshipped Trog.
Trog was greatly pleased with you.
You were hungry.

You visited 1 branch of the dungeon, and saw 10 of its levels.

You collected 562 gold pieces.

Inventory:

Hand Weapons
 a - a +0 hand axe
 f - a +2 hand axe of flaming
 B - a +0 battleaxe (weapon)
 V - a +0 morningstar
Missiles
 g - 251 stones
 k - 26 poisoned darts (quivered)
 D - 16 boomerangs
 L - 2 silver boomerangs
 O - 5 atropa-tipped darts
 P - 3 javelins
Armour
 b - a +0 animal skin
 d - a scarf of resistance (worn)
 m - a +2 hat (worn)
 q - a +0 ring mail
 C - a +0 chain mail
 M - a +3 plate armour (worn)
Jewellery
 E - a ring of magical power (left hand)
 N - an uncursed ring of fire
 S - an uncursed ring of teleportation
Wands
 z - a wand of paralysis (8)
 F - a wand of polymorph (15)
 G - a wand of clouds (3)
 H - a wand of acid (4)
 K - a wand of digging (3)
 Q - a wand of flame (14)
 R - a wand of random effects (9)
Scrolls
 e - a scroll of amnesia {unknown}
 h - 4 scrolls of teleportation
 j - 6 scrolls of identify
 l - a scroll of enchant weapon {unknown}
 n - 3 scrolls of remove curse
 u - 2 scrolls of noise {unknown}
 v - a scroll of immolation {unknown}
 w - a scroll of magic mapping {unknown}
 y - a scroll of blinking {unknown}
 J - a scroll of random uselessness {unknown}
Potions
 i - a potion of heal wounds
 o - 3 potions of mutation
 p - a potion of cancellation {unknown}
 r - a potion of brilliance
 s - a potion of might {unknown}
 x - 2 potions of degeneration
 A - a potion of flight
 I - a potion of stabbing
 T - a potion of berserk rage {unknown}
Comestibles
 c - 13 rations
 U - 2 chunks of flesh


   Skills:
 + Level 8.1 Fighting
 * Level 15.7 Axes
 + Level 1.4 Throwing
 + Level 8.2 Armour
 + Level 4.9 Dodging


You had 9 spell levels left.
You didn't know any spells.
Your spell library was empty.

Dungeon Overview and Level Annotations

Branches:
Dungeon (10/15)            Temple (0/1) D:6
   Lair: D:8-11         Orc: D:9-12

Altars:
Ashenzari
Cheibriados

Shops:
D:6 [


Innate Abilities, Weirdness & Mutations

You reflexively headbutt those who attack you in melee.
You have a pair of horns on your head.


Message History

You feel very buoyant.
You fly up into the air.
You feel sick. The killer bee barely misses you. x2
The death yak gores you but does no damage.
It was a potion of stabbing.
You feel ready to backstab.
The death yak bellows!
The killer bee stings you but does no damage. x2
As you read the scroll of teleportation, it crumbles to dust.
You feel strangely unstable.
You feel sick. The killer bee closely misses you.
The killer bee stings you but does no damage.
The death yak gores you!
* * * LOW HITPOINT WARNING * * *
Your plate armour prevents you from hitting the death yak.
You headbutt the death yak.
The death yak is heavily wounded.
You hit the death yak but do no damage. You slice the killer bee!!
You kill the killer bee!
Trog accepts your kill. The death yak gores you!
You die...

#...# #.# #...#
#.#########.Y
#####...#####......Y.Y...
#.......).............#
#.....................[Y.
#.....######.Y#######....
#####.# #..#.....+ ...
#.# #..#.....# y #.#
#..#@Y...# #. #..#Y.?..#
#..'Y....# #..###+#+#
...... !........
........... ............
......#######


You could see 3 death yaks.

Vanquished Creatures
  2 death yaks (D:10)
  Joseph (D:8)
  2 gargoyles
  Maggie (D:6)
  2 hippogriffs (D:7)
  Sigmund (D:6)
  A wyvern (D:9)
  Grum (D:8)
  Edmund (D:6)
  2 sky beasts
  2 orc warriors
  An ice beast (D:10)
  3 phantoms
  9 ogres
  2 eyes of draining
  A centaur (D:7)
  4 wolves (D:8)
  3 bullfrogs
  2 scorpions
  14 killer bees
  3 howler monkeys
  A crimson imp (D:6)
  4 hounds
  3 jellies
  4 centaur skeletons
  3 orc priests
  Crazy Yiuf (D:5)
  A centaur zombie (D:6)
  15 orc wizards
  2 iguanas
  7 worker ants
  2 hound skeletons
  2 worker ant zombies
  A howler monkey skeleton (D:4)
  Robin (D:4)
  5 adders
  2 shadow imps
  2 oozes (D:3)
  An adder zombie (D:7)
  A worm (D:2)
  3 dart slugs (D:3)
  49 orcs
  5 giant cockroaches
  14 goblins
  8 hobgoblins
  5 jackals
  4 quokkas
  A ball python (D:5)
  5 bats
  2 frilled lizards
  5 kobolds
  10 rats
227 creatures vanquished.

Vanquished Creatures (collateral kills)
  An orc warrior (D:8)
  2 killer bees (D:10)
  An orc (D:8)
4 creatures vanquished.

Grand Total: 231 creatures vanquished

Notes
Turn   | Place    | Note
-------+----------+-------------------------------------------
     0 | D:1      | miket3c the Minotaur Berserker began the quest for the Orb.
     0 | D:1      | Reached XP level 1. HP: 19/19 MP: 0/0
   187 | D:1      | Reached skill level 4 in Axes
   191 | D:1      | Reached XP level 2. HP: 7/27 MP: 1/1
  1216 | D:2      | Reached ** piety under Trog
  1216 | D:2      | Reached XP level 3. HP: 31/33 MP: 2/2
  1263 | D:2      | You fall into a shaft and drop 1 floor!
  1713 | D:3      | Found a snail-covered altar of Cheibriados.
  1779 | D:3      | Reached skill level 5 in Axes
  1779 | D:3      | Reached XP level 4. HP: 22/40 MP: 3/3
  2466 | D:4      | Reached XP level 5. HP: 37/47 MP: 4/4
  2468 | D:4      | Reached skill level 6 in Axes
  2651 | D:4      | Noticed an ogre
  2653 | D:4      | Noticed a phantom
  2664 | D:4      | Noticed Robin
  2926 | D:4      | Killed a phantom
  2926 | D:4      | Reached skill level 7 in Axes
  2926 | D:4      | Reached XP level 6. HP: 53/53 MP: 5/5
  3024 | D:4      | Killed Robin
  3027 | D:4      | Reached *** piety under Trog
  3338 | D:4      | Reached XP level 7. HP: 57/60 MP: 6/6
  3388 | D:4      | Reached skill level 5 in Fighting
  3388 | D:4      | Reached skill level 8 in Axes
  3467 | D:5      | Entered Level 5 of the Dungeon
  3916 | D:5      | Reached skill level 9 in Axes
  4295 | D:5      | Reached XP level 8. HP: 60/68 MP: 7/7
  4566 | D:5      | Found a runed translucent door.
  4567 | D:5      | Noticed Crazy Yiuf
  4692 | D:5      | Reached skill level 5 in Armour
  4774 | D:5      | Killed Crazy Yiuf
  5109 | D:6      | Reached **** piety under Trog
  5109 | D:6      | Reached skill level 10 in Axes
  5153 | D:6      | Noticed Maggie
  5164 | D:6      | Killed Maggie
  5352 | D:6      | Found Xonnic's Armour Shoppe.
  5360 | D:6      | Reached skill level 11 in Axes
  5563 | D:6      | Noticed Sigmund
  5566 | D:6      | Found a staircase to the Ecumenical Temple.
  5568 | D:6      | Killed Sigmund
  5568 | D:6      | Reached XP level 9. HP: 78/78 MP: 8/8
  5727 | D:6      | Noticed Edmund
  5734 | D:6      | Killed Edmund
  5934 | D:7      | Reached skill level 12 in Axes
  6580 | D:7      | Reached skill level 13 in Axes
  6831 | D:8      | Noticed a gargoyle
  6837 | D:8      | Killed a gargoyle
  6851 | D:8      | Noticed Grum
  7085 | D:8      | Reached XP level 10. HP: 84/86 MP: 9/9
  7206 | D:8      | Found a shattered altar of Ashenzari.
  7312 | D:8      | Noticed Joseph
  7327 | D:8      | Killed Joseph
  7327 | D:8      | Reached skill level 14 in Axes
  7693 | D:8      | Killed Grum
  8655 | D:9      | Reached skill level 15 in Axes
  9186 | D:10     | Entered Level 10 of the Dungeon
  9289 | D:10     | Noticed a gargoyle
  9296 | D:10     | Killed a gargoyle
  9296 | D:10     | Reached ***** piety under Trog
  9296 | D:10     | Reached skill level 1 in Throwing
  9339 | D:10     | Noticed a two-headed ogre
  9347 | D:10     | Noticed a death yak
  9348 | D:10     | Noticed a death yak
  9348 | D:10     | Noticed a death yak
  9348 | D:10     | Noticed a death yak
  9348 | D:10     | Noticed a death yak
  9371 | D:10     | Killed a death yak
  9375 | D:10     | Killed a death yak
  9375 | D:10     | Noticed a death yak
  9380 | D:10     | Noticed a death yak
  9384 | D:10     | Slain by a death yak

Illustrated notes

Levels and vault maps discovered:
D:1:      minmay_arrival_four_houses, layout_basic
D:2:      layout_basic
D:3:      kb_forest_paths, layout_basic, kennysheep_slug_shrine, first_ration
D:4:      layout_basic, uniq_robin
D:5:      layout_basic, minmay_pentangle, uniq_crazy_yiuf_cottage
D:6:      layout_rooms, minmay_temple_entry_sparse_star, serial_shops, shop,
          uniq_edmund, uniq_maggie, uniq_sigmund
D:7:      layout_basic
D:8:      layout_rooms, cheibrodos_ashenzari_chains, uniq_grum, uniq_joseph
D:9:      layout_basic
D:10:     layout_irregular_city, dpeg_lair_monsters, david_orc_2,
          grunt_livestock

Skill      XL: |  1  2  3  4  5  6  7  8  9 10 |
---------------+-------------------------------+-----
Axes           | 4 5 7 9 11 13 15 | 15.7
Fighting       | 4 5 6 7 8 |  8.1
Dodging        | 3 4 |  4.9
Armour         | 3 4 5 6 8 |  8.2
Throwing       | 1 |  1.4

Action                   |  1- 3 |  4- 6 |  7- 9 | 10-12 || total
-------------------------+-------+-------+-------+-------++-------
Melee: Hand axe          |    82 |    80 |    59 |       ||   221
       Headbutt          |    10 |    13 |    49 |    30 ||   102
       Battleaxe         |       |       |   182 |   168 ||   350
Throw: Stone             |       |     2 |    10 |       ||    12
       Dart              |       |       |     7 |    15 ||    22
Invok: Trog's Hand       |       |       |     4 |     4 ||     8
       Berserk           |       |       |     4 |     3 ||     7
       Brothers in Arms  |       |       |     1 |     1 ||     2
  Use: Scroll            |       |     3 |     4 |     4 ||    11
       Potion            |       |       |     2 |     8 ||    10
  Eat: Chunk             |     3 |     4 |    18 |     8 ||    33
       Ration            |       |       |       |     1 ||     1
Armor: Animal skin       |    10 |       |       |       ||    10
       Ring mail         |     5 |    31 |    20 |       ||    56
       Chain mail        |       |       |    62 |       ||    62
       Plate armour      |       |       |    36 |   173 ||   209
Dodge: Dodged            |    44 |    56 |   111 |    98 ||   309
